Cogmind - Beta 17 @@@ ROGUE MODE // 2026.08.02 @ 14:55:24 Player: 50l Result: Destroyed by Striker with Plasma Lance Performance ------------- Evolutions (8) 4000 Regions Visited (20) 4000 Robots Destroyed (122) 610 Value Destroyed (5721) 5721 Prototype IDs (67) 1340 Alien Tech Used (6) 1200 Bonus (4751) 4751 TOTAL SCORE: 21622 Bonus ------- High Alert Combat Kills 826 Follower Combat Kills 402 Hunted by Unchained 500 Registered with UFD 300 Met Optimus in HQ 500 Met Zhirov 300 Met Warlord at Base 500 MAIN.C Attacked Warlord 500 Met Optimus at Protoforge 1000 Friendly Fire -77 Cogmind --------- Core Integrity 0/1450 Matter 300/300 Energy 21/100 System Corruption 2% Temperature Cool (0) Movement Flying (39) Location -2/Protoforge Parts ------- > --- POWER (1) -------- (None) > --- PROPULSION (6) --- Xenon Bombardment Thruster Impulse Thruster Array > --- UTILITY (9) ------ Experimental Optical Array Advanced Signal Interpreter Experimental Core Analyzer Experimental Core Analyzer Experimental Core Analyzer Experimental Reaction Control System Advanced Phase Shifter Centrium Light Armor Plating > --- WEAPON (7) ------- Plasma Lance > --- INVENTORY (5) ---- Graphene Brace Subatomic Replicator Cooled Nova Cannon Core Cannon Peak State ------------ > --- POWER ------------ Compact Particle Reactor > --- PROPULSION ------- Overtuned Armored Exoskeleton Cooled Nuclear Pulse Thruster Cooled Nuclear Pulse Thruster Experimental Q-thruster > --- UTILITY ---------- Makeshift Microdissipator Network Medium Storage Unit Experimental Optical Array Advanced Signal Interpreter Experimental Core Analyzer Makeshift Heavy Armor Plating Graphene Brace Advanced Hacking Suite > --- WEAPON ----------- Concept XC Strikerail Concept XC Strikerail Concept XC Strikerail Concept XC Strikerail > --- INVENTORY -------- Light Quantum Reactor Transdimensional Reconstructor Subatomic Replicator Cooled Nova Cannon Core Cannon [Rating: 166] Favorites ----------- Power Subdweller Power Source Engine Subdweller Power Source Power Core Light Neutrino Core Reactor Graviton Reactor Propulsion Cooled Nuclear Pulse Thruster Treads Light Treads Leg Overtuned Armored Exoskeleton Flight Unit Cooled Nuclear Pulse Thruster Utility High-capacity Storage Unit Device V3-11A's Pendant Storage High-capacity Storage Unit Processor Advanced Signal Interpreter Hackware Hacking Suite Protection Layered Medium Armor Plating Weapon Kinetic Spear Energy Gun Plasma Rifle Energy Cannon Cooled Nova Cannon Ballistic Gun Subdweller Machine Gun Ballistic Cannon Battle Cannon Launcher Grenade Launcher Special Weapon Advanced Remote Datajack Slashing Weapon Sigix Broadsword Piercing Weapon Kinetic Spear Special Melee Weapon Advanced Datajack Build | -11 -10 -10 -9 -9 -6 -5 -5 -5 -5 -4 -4 -4 -4 -4 -3 -3 -3 -2 -2 -2 ------- Run | Yrd Mat Sub Rec Scr Fac Fac Upp Upp Zhi Pro Fac Upp Upp War Pro Res Qua Res Tes Frg Slots Evolved 16 | . . . . . 8 2 . . . . 2 . . . . 2 . 2 . . Power . | . . . . . . . . . . . . . . . . . . . . . Propulsion 4 | . . . . . 2 2 . . . . . . . . . . . . . . Utility 7 | . . . . . 6 . . . . . 1 . . . . . . . . . Weapon 5 | . . . . . . . . . . . 1 . . . . 2 . 2 . . Parts Attached 167 | 6 3 7 2 . 34 30 . 1 6 . 14 . . 2 . 10 6 8 10 28 Power 15 | 1 . 2 . . 4 1 . 1 . . . . . . . 1 1 2 . 2 Engine 4 | 1 . 2 . . 1 . . . . . . . . . . . . . . . Core 3 | . . . . . 2 . . 1 . . . . . . . . . . . . Reactor 8 | . . . . . 1 1 . . . . . . . . . 1 1 2 . 2 Propulsion 42 | 2 . 2 . . 9 9 . . 3 . 1 . . . . 1 . 2 4 9 Treads 4 | 2 . 2 . . . . . . . . . . . . . . . . . . Leg 3 | . . . . . . . . . . . . . . . . . . . . 3 Wheel . | . . . . . . . . . . . . . . . . . . . . . Hover . | . . . . . . . . . . . . . . . . . . . . . Flight 35 | . . . . . 9 9 . . 3 . 1 . . . . 1 . 2 4 6 Utility 74 | 1 2 1 . . 16 15 . . 3 . 10 . . . . 5 3 4 3 11 Device 30 | . . 1 . . 5 8 . . . . 3 . . . . 3 2 2 2 4 Storage 8 | 1 1 . . . 2 1 . . 1 . 1 . . . . . . 1 . . Processor 13 | . . . . . 3 2 . . . . 3 . . . . . . . 1 4 Hackware 10 | . . . . . 5 1 . . 1 . 1 . . . . 1 1 . . . Protection 13 | . 1 . . . 1 3 . . 1 . 2 . . . . 1 . 1 . 3 Artifact . | . . . . . . . . . . . . . . . . . . . . . Weapon 36 | 2 1 2 2 . 5 5 . . . . 3 . . 2 . 3 2 . 3 6 Energy Gun 7 | 1 . . . . . 3 . . . . . . . . . . . . 3 . Energy Cannon 1 | . . . . . . . . . . . . . . . . . . . . 1 Ballistic Gun 9 | 1 . 1 1 . . . . . . . 2 . . . . . . . . 4 Ballistic Cannon 1 | . . 1 . . . . . . . . . . . . . . . . . . Launcher 2 | . 1 . . . 1 . . . . . . . . . . . . . . . Special Weapon 2 | . . . . . . . . . . . . . . 1 . 1 . . . . Impact Weapon . | . . . . . . . . . . . . . . . . . . . . . Slashing Weapon 4 | . . . . . 3 . . . . . . . . . . . 1 . . . Piercing Weapon 5 | . . . . . . 2 . . . . . . . 1 . 1 . . . 1 Special Melee Weapon 5 | . . . 1 . 1 . . . . . 1 . . . . 1 1 . . . Unidentified Prototypes 43 | . . 1 . . 9 1 . . 4 . 1 . . 2 . 5 6 1 6 7 Parts Lost 64 | . . 5 1 . 18 4 . 1 . . 4 . . . . 2 . 5 1 23 Power 7 | . . 1 . . 1 . . 1 . . . . . . . 1 . . . 3 Propulsion 22 | . . 2 . . 7 1 . . . . 1 . . . . . . 3 1 7 Utility 19 | . . . . . 6 2 . . . . 3 . . . . . . 1 . 7 Weapon 16 | . . 2 1 . 4 1 . . . . . . . . . 1 . 1 . 6 Highest Loss Streak 7 | . . 2 1 . 7 2 . 1 . . 1 . . . . 1 . 3 1 6 To Critical Strikes 2 | . . . . . 1 . . . . . . . . . . . . . . 1 Average Backups 11 | 1 11 16 16 18 9 5 8 7 7 7 7 10 10 10 10 9 9 8 8 6 Power . | . 1 . . . . . 1 . . . . 1 1 1 1 . 1 1 1 . Propulsion 2 | . 3 4 4 4 1 1 2 2 2 2 2 2 2 1 1 1 2 . . . Utility 5 | . 4 8 9 10 6 2 4 4 3 3 1 4 4 4 4 4 3 2 2 . Weapon 2 | . 1 3 3 3 1 . 1 1 1 1 1 1 2 2 3 2 1 1 1 3 Tool/Special . | . . . . . . . . . . . . . . . . . . . . . Unused Backups 31 | . . 3 . 3 12 2 . . . . 2 1 . . . 1 2 1 . 4 Power 3 | . . 1 . . . . . . . . . . . . . 1 . 1 . . Propulsion 4 | . . 1 . . 2 1 . . . . . . . . . . . . . . Utility 17 | . . 1 . 2 10 . . . . . 1 1 . . . . 1 . . 1 Weapon 6 | . . . . 1 . 1 . . . . 1 . . . . . 1 . . 2 Tool/Special 1 | . . . . . . . . . . . . . . . . . . . . 1 Average Slot Usage (%) 86 | . 99 97 87 85 88 80 82 82 83 88 87 89 89 91 94 84 87 75 68 58 Engine 6 | . 14 13 14 14 . . . . . . . . . . . . . . . . Core 1 | . . . . . 4 . . 3 5 5 5 5 5 5 5 1 . . . . Reactor 1 | . . . . . . 4 5 1 . . . . . . . 2 4 4 4 3 Treads 12 | . 28 27 28 28 . . . . . . . . . . . . . . . . Flight 12 | . . . . . 24 23 23 23 26 29 26 26 26 26 26 22 23 24 20 12 Device 10 | . . 10 14 14 9 15 17 17 12 11 16 10 10 10 10 11 9 7 8 5 Storage 8 | . 14 14 14 14 6 3 5 5 5 5 5 5 5 5 5 4 4 4 4 3 Processor 5 | . . . . . 5 3 5 5 5 5 10 21 21 21 21 14 14 13 10 12 Hackware 6 | . . . . . 25 11 11 11 13 17 7 5 5 5 5 8 13 13 13 6 Protection 3 | . 13 3 . . . 4 5 5 5 5 4 5 5 5 5 1 . . 1 3 Energy Gun 2 | . 14 1 . . . 6 . . . . . . . . . . . . 3 . Ballistic Gun 4 | . 13 11 11 . . . . . . . 4 . . . . . . . . 3 Ballistic Cannon 2 | . . 10 . . . . . . . . . . . . . . . . . . Piercing Weapon 2 | . . . . . . 2 5 5 5 5 5 5 5 7 10 11 6 . . . Special Melee Weapon 2 | . . . 3 14 2 . . . . . 1 5 5 5 5 1 5 3 . 1 Peak Build Rating 166 | 6 9 15 15 14 77 93 79 79 85 85 122 121 114 123 123 145 159 158 138 166 Average Rating 63 | 4 8 13 13 12 60 82 79 76 80 85 108 114 114 119 123 129 149 146 113 120 On Entrance 75 | . 6 9 13 12 14 17 79 79 77 85 85 121 114 114 123 123 140 153 97 134 Avg Prop Armor Cover (%) 5 | . . . . . 5 . . . . . . . . . . . . . . . Naked Turns . | . . . . . . . . . . . . . . . . . . . . . Heaviest Build 85 | 14 54 57 51 47 23 39 37 37 30 27 40 40 34 38 38 43 44 40 38 85 Greatest Support 145 | 40 40 40 40 40 27 41 40 40 41 38 40 40 40 40 40 41 41 42 42 145 Greatest Overweight (x) 2 | 1 1 1 1 1 2 . . . . . . . . . . 1 1 . 1 1 Average Overweight (x) . | . . 1 1 1 . . . . . . . . . . . . . . . . Largest Inventory Capacity 20 | 8 20 20 20 20 20 8 8 8 8 8 10 10 10 10 10 10 10 10 10 10 Average Capacity 13 | 7 17 20 20 20 10 5 8 8 8 8 9 10 10 10 10 10 10 10 10 8 Most Carried 20 | 2 14 19 19 20 19 8 8 8 8 8 10 10 10 10 10 10 10 10 10 10 Average Carried 12 | 1 11 17 17 19 9 5 8 7 7 8 7 10 10 10 10 9 9 9 9 7 Final Capacity 20 | 8 20 20 20 20 10 8 8 8 8 8 10 10 10 10 10 10 10 10 10 5 Final Carried 20 | 2 14 19 18 20 5 8 8 8 8 8 10 10 10 10 10 10 10 10 10 5 Scrap Suit Usage (%) 1 | . . . . . . . . . . . . . . . . . . . . 1 Class Distribution -------------------- 34% | Mutant 22% | Hacker-Sprinter 12% | Hacker-Scout 10% | Commander-Mutant 5% | Ninja 4% | Hacker-Ninja 4% | Hacker-Mutant Dominant Class ---------------- Mutant | -10/Materials Mutant | -10/Subcaves Mutant | -9/Recycling Commander-Mutant | -9/Scraptown Hacker-Scout | -6/Factory Hacker-Sprinter | -5/Factory Hacker-Sprinter | -5/Upper Caves Hacker-Sprinter | -5/Upper Caves Hacker-Sprinter | -5/Zhirov Hacker-Sprinter | -4/Proximity Caves Hacker-Sprinter | -4/Factory Ninja | -4/Upper Caves Ninja | -4/Upper Caves Ninja | -4/Warlord Ninja | -3/Proximity Caves Hacker-Ninja | -3/Research Hacker-Scout | -3/Quarantine Hacker-Scout | -2/Research Hacker-Sprinter | -2/Testing Hacker-Sprinter | -2/Protoforge Resources | -11 -10 -10 -9 -9 -6 -5 -5 -5 -5 -4 -4 -4 -4 -4 -3 -3 -3 -2 -2 -2 ----------- Run | Yrd Mat Sub Rec Scr Fac Fac Upp Upp Zhi Pro Fac Upp Upp War Pro Res Qua Res Tes Frg Matter Collected 3972 | 169 417 458 92 . 285 397 . 10 . 70 116 120 . . 77 182 180 123 131 1145 Remotely . | . . . . . . . . . . . . . . . . . . . . . Salvage Created 6036 | . 694 174 316 . 426 641 . 81 . . 184 . . . 8 343 343 273 108 2445 Parts 307 | . 51 14 19 . 26 27 . 6 . . 11 . . . . 7 12 15 5 114 Haulers Intercepted 4 | . 2 . . . 2 . . . . . . . . . . . . . . . Recyclers Shooed 5 | . 3 . 1 . . 1 . . . . . . . . . . . . . . Parts Field Recycled . | . . . . . . . . . . . . . . . . . . . . . Retrieved Matter . | . . . . . . . . . . . . . . . . . . . . . Parts Self-Destructed 25 | . . 18 . . . . . 6 . . . . . . 1 . . . . . Prevented 2 | . . . . . . . . . . . . . . . 2 . . . . . Parts Restored . | . . . . . . . . . . . . . . . . . . . . . Kills | -11 -10 -10 -9 -9 -6 -5 -5 -5 -5 -4 -4 -4 -4 -4 -3 -3 -3 -2 -2 -2 ------- Run | Yrd Mat Sub Rec Scr Fac Fac Upp Upp Zhi Pro Fac Upp Upp War Pro Res Qua Res Tes Frg Combat Hostiles Destroyed 81 | . 15 6 5 . 7 11 . 2 . . 1 . . . 1 1 . 1 1 30 Melee 11 | . . . . . 4 . . 2 . . 1 . . . 1 1 . 1 . 1 Guns 51 | . 7 1 5 . . 10 . . . . . . . . . . . . . 28 Cannons 2 | . . 2 . . . . . . . . . . . . . . . . . . AOE 15 | . 8 3 . . 3 . . . . . . . . . . . . . 1 . Classes Destroyed 18 | . 8 2 1 . . . . . . . . . . . 1 . . . . 6 Builder 3 | . 3 . . . . . . . . . . . . . . . . . . . Hauler 4 | . 2 . . . 2 . . . . . . . . . . . . . . . Recycler 9 | . 2 . 1 . . 2 . . . . . . . . . 1 2 1 . . Operator 5 | . 1 . . . 2 . . . . . . . . . . . 1 1 . . Drone 2 | . . . . . . . . . . . . . . . 1 . . . . 1 Turret 2 | . . 2 . . . . . . . . . . . . . . . . . . Watcher 18 | . 3 . . . . 2 . . . . 3 . . . . 4 2 2 1 1 Swarmer 26 | . 7 3 . . 5 9 . 1 . . . . . . . . . . . 1 Grunt 13 | . 5 . 1 . 2 . . . . . . . . . . . . . . 5 Brawler 2 | . . . . . . . . . . . . . . . . . . . . 2 Duelist 2 | . . . . . . . . . . . . . . . . . . . . 2 Protector 2 | . . . . . . . . . . . . . . . . . . . . 2 Sentry 4 | . . 1 3 . . . . . . . . . . . . . . . . . Hunter 3 | . . . . . . . . . . . . . . . . . . . . 3 Programmer 9 | . . . 1 . . 2 . 1 . . 1 . . . . 1 . 1 1 1 Hotshot 8 | . . . . . . . . . . . . . . . . . . . . 8 Striker 1 | . . . . . . . . . . . . . . . . . . . . 1 Executioner 4 | . . . . . . . . . . . . . . . . . . . . 4 Subdweller 5 | . 3 2 . . . . . . . . . . . . . . . . . . Best Kill Streak 21 | . 12 3 3 . 4 5 . 1 . . 1 . . . 1 1 2 1 1 21 Combat Bots Only 21 | . 4 3 3 . 4 5 . 1 . . 1 . . . 1 1 . 1 1 21 Max Kills in Single Turn 3 | . 3 3 1 . 2 1 . 1 . . 1 . . . 1 1 1 1 1 2 Gunslinging 1 | . . . . . . . . . . . . . . . . . . . . 1 Exploded 3 | . 2 3 . . 2 . . . . . . . . . . . . . 1 . Melee 1 | . . . . . 1 . . 1 . . 1 . . . 1 1 . 1 . 1 Uniques/NPCs Destroyed . | . . . . . . . . . . . . . . . . . . . . . Combat | -11 -10 -10 -9 -9 -6 -5 -5 -5 -5 -4 -4 -4 -4 -4 -3 -3 -3 -2 -2 -2 -------- Run | Yrd Mat Sub Rec Scr Fac Fac Upp Upp Zhi Pro Fac Upp Upp War Pro Res Qua Res Tes Frg Hostile Shots Fired 1052 | . 46 62 21 . 132 131 . 18 . 20 60 . 10 . . 44 24 57 38 389 Missed 451 | . 16 22 5 . 43 44 . 6 . 10 40 . 6 . . 28 16 23 25 167 Hits 601 | . 30 40 16 . 89 87 . 12 . 10 20 . 4 . . 16 8 34 13 222 Melee 6 | . . . . . . . . . . . . . . . . . . 1 . 5 Projectile 595 | . 30 40 16 . 89 87 . 12 . 10 20 . 4 . . 16 8 33 13 217 Critical Strikes 29 | . . 1 1 . 5 3 . . . . 2 . . . . 1 . 3 1 12 Actively Blocked 8 | . . . . . . . . . . . 1 . . . . 1 . 3 1 2 Part Disruptions 1 | . . . . . . . . . . . . . . . . 1 . . . . Damage Taken 13753 | . 387 682 235 . 1595 1361 . 222 . 91 750 . 78 . . 303 181 1155 288 6425 Core 2602 | . 78 103 46 . 526 133 . . . 56 124 . 33 . . 18 48 175 61 1201 Absorbed by Shields 159 | . . . . . 111 34 . . . . . . . . . . . . . 14 Regen/Repaired (Parts) 294 | . . . . . . . . . . . . . . 5 . . 94 195 . . Core Remaining (%) 64 | 100 . . . 9 38 . . . . 81 . . . . 86 . 74 . . . Volleys Fired 271 | . 50 41 17 . 2 42 . . . . 5 . . . . . . . 22 92 Largest 4 | . 2 2 2 . 1 2 . . . . 1 . . . . . . . 1 4 Hottest 150 | . 80 70 63 . 39 150 . . . . 35 . . . . . . . 94 128 Shots Fired 475 | . 95 64 19 . 2 83 . . . . 7 . . . . . . . 22 183 Gun 411 | . 88 26 18 . . 83 . . . . 7 . . . . . . . 22 167 Cannon 53 | . . 36 1 . . . . . . . . . . . . . . . . 16 Launcher 11 | . 7 2 . . 2 . . . . . . . . . . . . . . . Special . | . . . . . . . . . . . . . . . . . . . . . Kinetic 286 | . 42 57 19 . . . . . . . 7 . . . . . . . . 161 Thermal 160 | . 46 5 . . . 83 . . . . . . . . . . . . 10 16 Explosive 11 | . 7 2 . . 2 . . . . . . . . . . . . . . . Electromagnetic 18 | . . . . . . . . . . . . . . . . . . . 12 6 Robot Hit Streak 47 | . 13 12 5 . . 9 . . . . 11 . . . . . . . 4 47 Robot Miss Streak 5 | . 4 2 4 . . 5 . . . . . . . . . . . . 1 3 Penetration Max 2 | . . . . . . . . . . . . . . . . . . . . 2 Secondary Targets 12 | . . . . . . 1 . . . . . . . . . . . . . 11 Max Gunslinging Chain 2 | . . . . . . 1 . . . . . . . . . . . . . 2 Shots Hit Robots 372 | . 61 26 15 1 21 46 . 2 . . 7 . . 5 2 10 6 7 8 155 Core Hits 190 | . 42 10 6 . 17 17 . 1 . . 5 . . . . 6 5 2 4 75 Critical Kills 10 | . . . . . . . . . . . . . . . . . . . . 10 Critical Parts Destroyed 9 | . . . . . . . . . . . 1 . . . . . . . . 8 Critical Strikes 36 | . 1 3 . . 1 6 . 2 . . 1 . . . . 3 . . . 19 Burn 7 | . 1 1 . . . 5 . . . . . . . . . . . . . . Meltdown 1 | . . . . . . . . . . . . . . . . . . . . 1 Destroy 18 | . . . . . . . . . . . 1 . . . . . . . . 17 Blast 2 | . . 2 . . . . . . . . . . . . . . . . . . Sever 1 | . . . . . 1 . . . . . . . . . . . . . . . Impale 5 | . . . . . . 1 . 2 . . . . . . . 1 . . . 1 Sunder 2 | . . . . . . . . . . . . . . . . 2 . . . . Melee Attacks 229 | . . . 3 1 50 21 . 3 . . 31 . . 5 8 55 34 12 2 4 Impact . | . . . . . . . . . . . . . . . . . . . . . Slashing 80 | . . . . . 48 . . . . . . . . . . . 21 11 . . Piercing 120 | . . . . . . 21 . 3 . . 31 . . . 7 43 11 . . 4 Entropic 14 | . . . . . . . . . . . . . . . . 11 2 1 . . Sneak Attacks 27 | . . . 3 1 5 . . 1 . . 1 . . 5 1 2 3 3 2 . Combat Hostiles 3 | . . . . . . . . 1 . . . . . . 1 . . 1 . . Follow-up Attacks 8 | . . . . . 1 . . . . . . . . . . 4 2 1 . . Damage Inflicted 13892 | . 1572 604 385 . 1369 1249 . 94 . . 349 . . . 147 764 665 933 286 5475 Guns 7584 | . 764 211 359 . . 990 . . . . 26 . . . . . . . 155 5079 Cannons 298 | . . 209 . . . . . . . . . . . . . . . . . 89 Explosions 1776 | . 808 184 . . 436 . . . . . 18 . . . . . . . 131 199 Melee 4204 | . . . . . 932 259 . 94 . . 305 . . . 147 764 665 930 . 108 Ramming 30 | . . . 26 . 1 . . . . . . . . . . . . 3 . . Kinetic 6070 | . 330 372 359 . . . . . . . 26 . . . . . . . . 4983 Thermal 1891 | . 434 48 . . . 990 . . . . . . . . . . . . 131 288 Explosive 1428 | . 808 184 . . 436 . . . . . . . . . . . . . . . Electromagnetic 269 | . . . . . . . . . . . 18 . . . . . . . 155 96 Impact . | . . . . . . . . . . . . . . . . . . . . . Slashing 2297 | . . . . . 932 . . . . . . . . . . . 496 869 . . Piercing 1515 | . . . . . . 259 . 94 . . 305 . . . 147 562 40 . . 108 Entropic 392 | . . . . . . . . . . . . . . . . 202 129 61 . . Highest Corruption 9 | . 2 2 3 . 4 1 . . . . 9 9 9 9 . . . . . 2 Average Corruption 2 | . 2 2 2 . 4 1 . . . . 6 9 9 9 . . . . . 1 Corruption Purged 2 | . . . . . . 2 . . . . . . . . . . . . . . Corruption Blocked 12 | . . . . . . . . . . . 2 . . . . 3 . 4 . 3 Effects 156 | . 13 57 26 . 3 2 . . . . 39 10 1 1 . . . . . 4 Message Errors 35 | . 1 13 7 . . 1 . . . . 11 1 . . . . . . . 1 Matter Fused 53 | . 7 17 5 . 2 . . . . . 16 4 . . . . . . . 2 Heat Flow Errors 17 | . 1 4 5 . 1 . . . . . 3 1 1 . . . . . . 1 Energy Discharges 17 | . 1 6 4 . . 1 . . . . 4 1 . . . . . . . . Data Loss (minor) 13 | . 1 8 2 . . . . . . . . 1 . 1 . . . . . . Data Loss (major) 11 | . 1 4 2 . . . . . . . 2 2 . . . . . . . . Misfires 7 | . . 4 1 . . . . . . . 2 . . . . . . . . . Alerts 2 | . . 1 . . . . . . . . 1 . . . . . . . . . Weapon Failures 1 | . 1 . . . . . . . . . . . . . . . . . . . Overload Shots . | . . . . . . . . . . . . . . . . . . . . . Overflow Damage 1139 | . 2 18 . . 113 175 . 62 . . 60 . . . 78 98 12 464 15 42 Projectiles 18 | . . 18 . . . . . . . . . . . . . . . . . . Explosions 92 | . 2 . . . . . . . . . 33 . . . . . . . 15 42 Melee 1029 | . . . . . 113 175 . 62 . . 27 . . . 78 98 12 464 . . Knockbacks 1 | . . 1 . . . . . . . . . . . . . . . . . . Impact . | . . . . . . . . . . . . . . . . . . . . . Kinetic 1 | . . 1 . . . . . . . . . . . . . . . . . . Secondary . | . . . . . . . . . . . . . . . . . . . . . Self-Inflicted Damage 211 | . 34 19 . . 3 . . . . . 154 . . . . . . 1 . . Shots 8 | . 2 1 . . 1 . . . . . 4 . . . . . . . . . Rammed 8 | . . . 5 . 1 . . . . . . . . . . . . 2 . . Targets Rammed 8 | . . . 5 . 1 . . . . . . . . . . . . 2 . . Kicked . | . . . . . . . . . . . . . . . . . . . . . Crushed . | . . . . . . . . . . . . . . . . . . . . . Highest Temperature 254 | . 187 254 254 . 163 . . . . . 237 142 198 . . . . . 201 180 Average Temperature 66 | . 54 102 95 . 57 . . . . . 90 73 107 . . . . . 99 129 Received Heat Transfer 1416 | . 138 159 33 . 306 99 . . . . 12 . 9 . . 18 . 45 36 561 Effects 1 | . . 1 . . . . . . . . . . . . . . . . . . Energy Bleed 1 | . . 1 . . . . . . . . . . . . . . . . . . Siege Activations . | . . . . . . . . . . . . . . . . . . . . . Martial Activations . | . . . . . . . . . . . . . . . . . . . . . Shielding Activations . | . . . . . . . . . . . . . . . . . . . . . Robots Disrupted 1 | . . . . . . . . . . . . . . . . . . . . 1 Combat Hostiles . | . . . . . . . . . . . . . . . . . . . . . Robots Corrupted . | . . . . . . . . . . . . . . . . . . . . . Combat Hostiles . | . . . . . . . . . . . . . . . . . . . . . Parts Fried 1 | . . . . . . . . . . . . . . . . . . . 1 . Impact Corruptions . | . . . . . . . . . . . . . . . . . . . . . Robots Melted 2 | . . . . . . 1 . . . . . . . . . . . . . 1 Combat Hostiles 2 | . . . . . . 1 . . . . . . . . . . . . . 1 Parts Melted 15 | . 1 . . . . 11 . . . . . . . . . . . . . 3 Heat Transferred 4499 | . 1332 222 . . . 2650 . . . . . . . . . . . . 50 245 Parts Sabotaged . | . . . . . . . . . . . . . . . . . . . . . Parts Stolen . | . . . . . . . . . . . . . . . . . . . . . Parts Stripped . | . . . . . . . . . . . . . . . . . . . . . Power Chain Reactions 3 | . . . . . . . . . . . 1 . . . . . . . 1 1 Alert | -11 -10 -10 -9 -9 -6 -5 -5 -5 -5 -4 -4 -4 -4 -4 -3 -3 -3 -2 -2 -2 ------- Run | Yrd Mat Sub Rec Scr Fac Fac Upp Upp Zhi Pro Fac Upp Upp War Pro Res Qua Res Tes Frg Maximum Alert Level 3 | . 1 . . . 1 2 . . . . 1 . . . . 1 . 1 1 3 Low Security (%) 84 | 100 99 . 100 . 93 69 . . . . 96 . . . . 85 100 85 74 24 Level 1 10 | . . . . . 6 23 . . . . 3 . . . . 14 . 14 25 22 Level 2 3 | . . . . . . 6 . . . . . . . . . . . . . 31 Level 3 1 | . . . . . . . . . . . . . . . . . . . . 20 Level 4 . | . . . . . . . . . . . . . . . . . . . . . Level 5 . | . . . . . . . . . . . . . . . . . . . . . High Security . | . . . . . . . . . . . . . . . . . . . . . Max Security . | . . . . . . . . . . . . . . . . . . . . . Peak Influence 781 | . 203 . 86 . 318 512 . . . . 369 . . . . 305 132 249 338 781 Initial 300 | . . . 5 . . 98 . . . . 65 . . . . 300 72 61 128 180 Average 97 | . 51 . 23 . 25 136 . . . . 71 . . . . 84 45 81 139 421 Influence Increases 7908 | . 433 270 413 . 729 1219 . 110 . 105 801 . 150 . 5 755 356 612 586 1364 Destroy 0b10 Robot/C 1700 | . 240 220 200 . 140 220 . 40 . . 20 . . . . 20 . 20 40 540 Destroy 0b10 Robot/NC 230 | . 55 . 20 . 20 20 . . . . 15 . . . 5 25 25 20 5 20 Destroy Leader 294 | . 60 20 . . 34 34 . 10 . . 16 . . . . 18 4 14 12 72 Allied During Kill 42 | . . 15 20 . . . . . . . . . . . . . . . 7 . Successful Hack 530 | . 17 . 22 . 84 56 . . . . 106 . . . . 32 51 54 42 66 Select Force Hacks 150 | . . . 150 . . . . . . . . . . . . . . . . . Disable Machine 330 | . . . . . 15 30 . . . . 75 . . . . 30 105 . 45 30 Destroy Structure 377 | . 46 . 1 . 31 34 . . . . 74 . . . . 50 36 9 30 66 Advance Influence 300 | . . . . . . . . . . . . . . . . 300 . . . . Partial Spotted 495 | . . . . . 60 75 . . . . 105 . . . . 15 60 105 15 60 Lose Combat Pursuer 3360 | . 15 15 . . 345 750 . 60 . 105 390 . 150 . . 165 75 390 390 510 Miscellaneous 100 | . . . . . . . . . . . . . . . . 100 . . . . Influence Decreases 7188 | . 433 258 420 5 528 1413 7 80 30 . 641 265 10 140 5 627 374 493 493 966 Entered New Map 776 | . . . 7 5 . 103 4 . 30 . 40 99 . 140 . . 56 49 101 142 Time Decay 4351 | . 433 188 372 . 270 613 3 70 . . 449 110 10 . 5 498 308 286 262 474 Search Patrol Dispatched 700 | . . . . . 100 100 . . . . 100 . . . . 100 . 100 100 100 Lost Part 558 | . . 10 1 . 158 40 . 10 . . 40 . . . . 19 . 40 10 230 Lost Ally 270 | . . 60 40 . . 42 . . . . 12 56 . . . 10 10 . 20 20 Purge Threat 533 | . . . . . . 515 . . . . . . . . . . . 18 . . Squads Dispatched 77 | . 2 . . . 16 11 . . . . 11 . 1 . . 10 3 9 5 9 Investigation 32 | . 1 . . . 8 6 . . . . 4 . 1 . . 3 . 3 . 6 Extermination 31 | . . . . . 4 5 . . . . 5 . . . . 7 2 3 4 1 Reinforcement 14 | . 1 . . . 4 . . . . . 2 . . . . . 1 3 1 2 Assault . | . . . . . . . . . . . . . . . . . . . . . Garrison . | . . . . . . . . . . . . . . . . . . . . . Intercept . | . . . . . . . . . . . . . . . . . . . . . Searches Triggered 7 | . . . . . 1 1 . . . . 1 . . . . 1 . 1 1 1 Construction Impeded 1 | . . . . . . . . . . . 1 . . . . . . . . . Haulers Reinforced 1 | . . . . . 1 . . . . . . . . . . . . . . . Active Scanning Responses . | . . . . . . . . . . . . . . . . . . . . . Cargo Convoy Interrupts 1 | . . . . . 1 . . . . . . . . . . . . . . . Stealth | -11 -10 -10 -9 -9 -6 -5 -5 -5 -5 -4 -4 -4 -4 -4 -3 -3 -3 -2 -2 -2 --------- Run | Yrd Mat Sub Rec Scr Fac Fac Upp Upp Zhi Pro Fac Upp Upp War Pro Res Qua Res Tes Frg Distress Signals 30 | . 1 . . . 4 4 . . . . 3 . . . 2 3 4 1 2 6 Communications Jammed . | . . . . . . . . . . . . . . . . . . . . . Distress Signals . | . . . . . . . . . . . . . . . . . . . . . Times Spotted 517 | . 22 14 9 . 45 79 . 4 . 5 45 . 12 . 2 32 13 46 35 154 Peak Tracking Total 20 | . 4 3 3 . 14 15 . 4 . 7 15 . 15 . 2 8 8 15 16 20 Tactical Retreats 86 | . 1 1 . . 7 20 . 3 . 1 12 . 2 . . 10 2 9 6 12 ECM-based Alert Blocks 46 | . . . . . . 25 . . . . 4 . . . . 6 . 6 5 . Traps | -11 -10 -10 -9 -9 -6 -5 -5 -5 -5 -4 -4 -4 -4 -4 -3 -3 -3 -2 -2 -2 ------- Run | Yrd Mat Sub Rec Scr Fac Fac Upp Upp Zhi Pro Fac Upp Upp War Pro Res Qua Res Tes Frg Traps Triggered 15 | . 2 3 . . 3 4 . . . . . . . . . 1 . 1 . 1 Indirectly . | . . . . . . . . . . . . . . . . . . . . . Trap Hack Attempts . | . . . . . . . . . . . . . . . . . . . . . Triggered . | . . . . . . . . . . . . . . . . . . . . . Disarmed . | . . . . . . . . . . . . . . . . . . . . . Reprogrammed . | . . . . . . . . . . . . . . . . . . . . . Reused . | . . . . . . . . . . . . . . . . . . . . . Traps Extracted . | . . . . . . . . . . . . . . . . . . . . . Installed . | . . . . . . . . . . . . . . . . . . . . . Triggered . | . . . . . . . . . . . . . . . . . . . . . Machines | -11 -10 -10 -9 -9 -6 -5 -5 -5 -5 -4 -4 -4 -4 -4 -3 -3 -3 -2 -2 -2 ---------- Run | Yrd Mat Sub Rec Scr Fac Fac Upp Upp Zhi Pro Fac Upp Upp War Pro Res Qua Res Tes Frg Machines Disabled 23 | . . 1 . . 1 2 . . . . 5 . . . . 2 7 . 3 2 Max in Single Turn 4 | . . . . . 1 1 . . . . 4 . . . . 1 1 . 1 1 Garrison Access 9 | . . . . . 3 2 . . . . . . . . . . 1 2 . 1 Machines Repaired . | . . . . . . . . . . . . . . . . . . . . . Machines Dismantled . | . . . . . . . . . . . . . . . . . . . . . Machines Sabotaged . | . . . . . . . . . . . . . . . . . . . . . Overloaded Fab Kills . | . . . . . . . . . . . . . . . . . . . . . Hacking | -11 -10 -10 -9 -9 -6 -5 -5 -5 -5 -4 -4 -4 -4 -4 -3 -3 -3 -2 -2 -2 --------- Run | Yrd Mat Sub Rec Scr Fac Fac Upp Upp Zhi Pro Fac Upp Upp War Pro Res Qua Res Tes Frg Machines Accessed 153 | . 7 3 11 1 23 22 1 . 5 . 15 2 1 5 1 13 12 12 5 14 Terminals 93 | . 7 . 6 . 11 12 . . . . 11 . 1 . 1 10 11 8 5 10 Fabricators 5 | . . . . . 2 1 . . . . 1 . . . . . . 1 . . Repair Stations 1 | . . . . . . 1 . . . . . . . . . . . . . . Recycling Units 25 | . . . 5 . 5 5 . . . . 3 . . . . 3 . 1 . 3 Scanalyzers 3 | . . . . . 2 1 . . . . . . . . . . . . . . Garrison Access 9 | . . . . . 3 2 . . . . . . . . . . 1 2 . 1 Total Hacks 442 | . 21 6 23 4 80 73 1 . 18 . 52 6 3 9 1 32 25 34 18 36 Successful 279 | . 15 6 17 4 52 45 1 . 18 . 35 6 3 9 1 10 12 17 9 19 Failed 160 | . 5 . 5 . 27 28 . . . . 17 . . . . 22 13 17 9 17 Catastrophic 20 | . . . . . 4 4 . . . . 1 . . . . 6 3 . . 2 Database Lockouts 3 | . 1 . 1 . 1 . . . . . . . . . . . . . . . Manual 197 | . 16 . 20 . 35 30 . . . . 24 . . . . 17 13 19 9 14 Terminals 324 | . 21 . 18 . 56 55 . . . . 45 . 3 . 1 26 24 27 18 30 Fabricators 8 | . . . . . 4 1 . . . . 2 . . . . . . 1 . . Repair Stations 3 | . . . . . . 3 . . . . . . . . . . . . . . Recycling Units 37 | . . . 5 . 8 8 . . . . 5 . . . . 6 . 1 . 4 Scanalyzers 10 | . . . . . 8 2 . . . . . . . . . . . . . . Garrison Access 16 | . . . . . 4 4 . . . . . . . . . . 1 5 . 2 Terminal Hacks 154 | . 6 6 4 4 22 22 1 . 18 . 15 6 3 9 1 3 7 9 7 11 Record 36 | . . 4 . 4 . . . . 6 . . 5 3 7 1 . 4 1 . 1 Part Schematic 7 | . . . . . 3 . . . 4 . . . . . . . . . . . Robot Analysis 13 | . 4 . 1 . 1 1 . . 4 . 1 . . . . . . . . 1 Prototype ID Bank 11 | . . . . . 3 1 . . 4 . 2 . . . . . . . 1 . Open Door 5 | . . 1 . . . . 1 . . . . 1 . 2 . . . . . . Level Access Points 2 | . . . . . . 1 . . . . 1 . . . . . . . . . Branch Access Points 4 | . . . . . 1 1 . . . . 1 . . . . 1 . . . . Emergency Access Points 11 | . 1 . . . 1 2 . . . . 3 . . . . . 1 2 1 . Terminal Index 6 | . . . . . 1 1 . . . . 1 . . . . . 1 1 . 1 Repair Station Index 1 | . . . . . 1 . . . . . . . . . . . . . . . Recycling Unit Index 4 | . . . . . 1 1 . . . . 1 . . . . . . . 1 . Garrison Index 2 | . . . . . 1 . . . . . . . . . . . 1 . . . Alert Level 5 | . . . . . 1 1 . . . . 1 . . . . . . 1 1 . Unreport Threat 6 | . . . . . . 4 . . . . . . . . . 1 . 1 . . Locate Traps 11 | . . . . . 2 3 . . . . 1 . . . . . . 1 1 3 Extermination Status 2 | . . . . . 1 1 . . . . . . . . . . . . . . Assault Status 1 | . . . . . 1 . . . . . . . . . . . . . . . Recall Investigation 2 | . . . . . . 1 . . . . . . . . . . . . . 1 Recall Extermination 1 | . . . . . . 1 . . . . . . . . . . . . . . Recall Reinforcements 1 | . . . . . 1 . . . . . . . . . . . . . . . Hauler Manifests 3 | . . . 1 . 1 1 . . . . . . . . . . . . . . Registered Components 3 | . . . . . 1 1 . . . . 1 . . . . . . . . . Registered Prototypes 3 | . . . . . . . . . . . 1 . . . . . . . 1 1 Zone Layout 13 | . 1 . 2 . 1 1 . . . . 1 . . . . 1 . 2 1 3 Release Object 1 | . . 1 . . . . . . . . . . . . . . . . . . Fabricator Hacks 5 | . . . . . 2 . . . . . 2 . . . . . . 1 . . Network Status 2 | . . . . . 1 . . . . . . . . . . . . 1 . . Load Schematic 2 | . . . . . 1 . . . . . 1 . . . . . . . . . Build 1 | . . . . . . . . . . . 1 . . . . . . . . . Repair Station Hacks 1 | . . . . . . 1 . . . . . . . . . . . . . . Scan Component 1 | . . . . . . 1 . . . . . . . . . . . . . . Recycling Unit Hacks 8 | . . . . . 3 2 . . . . 2 . . . . 1 . . . . Report Inventory 8 | . . . . . 3 2 . . . . 2 . . . . 1 . . . . Scanalyzer 7 | . . . . . 5 2 . . . . . . . . . . . . . . Insert Component 2 | . . . . . 2 . . . . . . . . . . . . . . . Analyze 2 | . . . . . 2 . . . . . . . . . . . . . . . Retrieve Study 3 | . . . . . 1 2 . . . . . . . . . . . . . . Garrison Access Hacks 9 | . . . . . 3 2 . . . . . . . . . . 1 2 . 1 Seal Access 9 | . . . . . 3 2 . . . . . . . . . . 1 2 . 1 Unauthorized Hacks 95 | . 9 . 13 . 17 16 . . . . 16 . . . . 6 4 5 2 7 Terminals 69 | . 9 . 8 . 11 10 . . . . 13 . . . . 4 4 4 2 4 Assimilate 14 | . . . . . 1 3 . . . . 3 . . . . 2 1 2 . 2 Botnet 36 | . 4 . 3 . 5 7 . . . . 6 . . . . 2 3 2 2 2 Skim 19 | . 5 . 5 . 5 . . . . . 4 . . . . . . . . . Fabricators 2 | . . . . . 1 1 . . . . . . . . . . . . . . Liberate 1 | . . . . . . 1 . . . . . . . . . . . . . . Recompile 1 | . . . . . 1 . . . . . . . . . . . . . . . Repair Stations . | . . . . . . . . . . . . . . . . . . . . . Recycling Units 24 | . . . 5 . 5 5 . . . . 3 . . . . 2 . 1 . 3 Tunnel 5 | . . . 5 . . . . . . . . . . . . . . . . . Fedlink 19 | . . . . . 5 5 . . . . 3 . . . . 2 . 1 . 3 Scanalyzers . | . . . . . . . . . . . . . . . . . . . . . Garrison Access . | . . . . . . . . . . . . . . . . . . . . . Data Cores Recovered 1 | . . . . . . . . . . . . . . . . . . 1 . . Used . | . . . . . . . . . . . . . . . . . . . . . Hacking Detections 96 | . 7 . 4 . 12 17 . . . . 10 . 1 . 1 11 10 9 5 9 Full Trace Events 5 | . . . . . 2 . . . . . 1 . 1 . . 1 . . . . Feedback Events 1 | . . . . . . . . . . . 1 . . . . . . . . . Hackware Fried 1 | . . . . . . . . . . . 1 . . . . . . . . . Feedback Blocked . | . . . . . . . . . . . . . . . . . . . . . Robot Schematics Acquired . | . . . . . . . . . . . . . . . . . . . . . Robots Built . | . . . . . . . . . . . . . . . . . . . . . Authchips . | . . . . . . . . . . . . . . . . . . . . . Time . | . . . . . . . . . . . . . . . . . . . . . Total Robot Build Rating . | . . . . . . . . . . . . . . . . . . . . . Part Schematics Acquired 9 | . . . . . 5 . . . 4 . . . . . . . . . . . Parts Built 1 | . . . . . . . . . . . 1 . . . . . . . . . Authchips 1 | . . . . . . . . . . . 1 . . . . . . . . . Time 102 | . . . . . . . . . . . 102 . . . . . . . . . Total Part Build Rating 8 | . . . . . . . . . . . 8 . . . . . . . . . Part Studies Acquired 3 | . . . . . 1 2 . . . . . . . . . . . . . . Parts Repaired . | . . . . . . . . . . . . . . . . . . . . . Time . | . . . . . . . . . . . . . . . . . . . . . Parts Recycled . | . . . . . . . . . . . . . . . . . . . . . Recycled Matter . | . . . . . . . . . . . . . . . . . . . . . Retrieved Matter . | . . . . . . . . . . . . . . . . . . . . . Retrieved Components . | . . . . . . . . . . . . . . . . . . . . . Parts Scanalyzed 2 | . . . . . 2 . . . . . . . . . . . . . . . Part Schematics Acquired 2 | . . . . . 2 . . . . . . . . . . . . . . . Parts Damaged 1 | . . . . . 1 . . . . . . . . . . . . . . . Bothacking | -11 -10 -10 -9 -9 -6 -5 -5 -5 -5 -4 -4 -4 -4 -4 -3 -3 -3 -2 -2 -2 ------------ Run | Yrd Mat Sub Rec Scr Fac Fac Upp Upp Zhi Pro Fac Upp Upp War Pro Res Qua Res Tes Frg Used RIF Installer . | . . . . . . . . . . . . . . . . . . . . . Robots Hacked 5 | . . . . 1 . . . . . . . . . 4 . . . . . . Non-combat . | . . . . . . . . . . . . . . . . . . . . . Combat 4 | . . . . . . . . . . . . . . 4 . . . . . . Robot Hacks Applied 4 | . . . . . . . . . . . . . . 4 . . . . . . parse_system 4 | . . . . . . . . . . . . . . 4 . . . . . . Manual 1 | . . . . 1 . . . . . . . . . . . . . . . . Relay Couplers Released . | . . . . . . . . . . . . . . . . . . . . . Fabnet Peak Effective % . | . . . . . . . . . . . . . . . . . . . . . Robots Rewired 8 | . . . 6 . 1 . . . . . . . . . . . . . 1 . Allies Hacked 3 | . . . . . 1 2 . . . . . . . . . . . . . . Hacks Repelled 1 | . . . . . . . . . . . . . . . . . . . . 1 Allies | -11 -10 -10 -9 -9 -6 -5 -5 -5 -5 -4 -4 -4 -4 -4 -3 -3 -3 -2 -2 -2 -------- Run | Yrd Mat Sub Rec Scr Fac Fac Upp Upp Zhi Pro Fac Upp Upp War Pro Res Qua Res Tes Frg Total Allies 34 | . . 10 6 . 2 5 . . . . 2 3 . . . 1 1 1 1 2 Largest Group 6 | . . 5 5 5 6 3 . . . . 1 3 . . . 1 1 1 1 1 Highest-Rated Group 159 | . . 95 82 82 111 108 . . . . 10 87 . . . 45 26 26 159 26 Highest-Rated Ally 159 | . . 19 27 27 29 49 . . . . 10 29 . . . 45 26 26 159 26 Initial UFD Resources 116 | . . . . . 22 45 65 65 65 69 69 85 85 85 89 89 103 106 116 116 Total Orders . | . . . . . . . . . . . . . . . . . . . . . Ally Attacks 92 | . . 40 28 . 13 5 . . . . . 4 . . . . . . 2 . Total Damage 1692 | . . 552 581 . 185 143 . . . . . 86 . . . . . . 145 . Kills 15 | . . 8 6 . . . . . . . . . . . . . . . 1 . Allies Corrupted 2 | . . . . . . 1 . . . . . . . . . . . . 1 . Allies Melted . | . . . . . . . . . . . . . . . . . . . . . Intel | -11 -10 -10 -9 -9 -6 -5 -5 -5 -5 -4 -4 -4 -4 -4 -3 -3 -3 -2 -2 -2 ------- Run | Yrd Mat Sub Rec Scr Fac Fac Upp Upp Zhi Pro Fac Upp Upp War Pro Res Qua Res Tes Frg Active Infowar (turns) 11851 | . . . . . 1870 2096 138 148 65 235 1510 262 53 186 424 1778 855 876 336 1019 Optics 6200 | . . . . . . . . . . . 566 262 53 186 424 1778 855 876 315 885 Sensors 9987 | . . . . . 1870 2094 138 148 65 235 1510 262 53 186 424 1776 855 371 . . Structural 1100 | . . . . . 1100 . . . . . . . . . . . . . . . Cloaking 372 | . . . . . . . . . . . . . . . . . . 8 230 134 ECM 1250 | . . . . . . 660 42 . . 10 120 . . . . 144 6 166 102 . Robot Analysis Total 13 | . 4 . 1 . 1 1 . . 4 . 1 . . . . . . . . 1 Derelict Logs Recovered 11 | . . 2 . 4 . . . 2 . 3 . . . . . . . . . . Drone Launches . | . . . . . . . . . . . . . . . . . . . . . Drone Recoveries . | . . . . . . . . . . . . . . . . . . . . . Exploration | -11 -10 -10 -9 -9 -6 -5 -5 -5 -5 -4 -4 -4 -4 -4 -3 -3 -3 -2 -2 -2 ------------- Run | Yrd Mat Sub Rec Scr Fac Fac Upp Upp Zhi Pro Fac Upp Upp War Pro Res Qua Res Tes Frg Turns Passed 23028 | 68 1761 4640 1835 1978 2167 2274 138 148 65 235 1510 262 53 186 424 1778 855 876 565 1210 Spaces Moved 29072 | 38 650 1833 644 820 3903 3727 493 471 179 674 3329 512 211 712 368 3205 1574 2030 1407 2292 Core 65 | 3 . . . . . . . . . . . . . . . . . . . 62 Treads 3982 | 35 650 1833 644 820 . . . . . . . . . . . . . . . . Legs 96 | . . . . . . . . . . . . . . . . . . . . 96 Wheels . | . . . . . . . . . . . . . . . . . . . . . Hover . | . . . . . . . . . . . . . . . . . . . . . Flight 24929 | . . . . . 3903 3727 493 471 179 674 3329 512 211 712 368 3205 1574 2030 1407 2134 Fastest Speed 14 | 50 160 240 240 240 30 25 28 28 24 24 24 25 25 25 25 24 24 21 14 19 Average Speed 55 | 153 215 240 240 240 33 28 28 28 25 24 24 25 25 25 25 24 24 21 24 30 Slowest Speed 240 | 160 240 240 240 240 170 40 28 28 28 24 25 25 25 25 25 94 94 27 93 140 Overloaded Moves 133 | . . . . . . . . . . . . . . . . . . . 13 120 Propulsion Burnouts . | . . . . . . . . . . . . . . . . . . . . . Robots Hopped 204 | . . . . . 33 36 . . . 1 22 . . . . 29 22 14 32 15 Potential Cave-ins 5 | . . . . . . . . . . . 4 . . . . . . . . 1 Cave-ins Triggered 2 | . . . . . 1 . . . . . 1 . . . . . . . . . Teleports 4 | . . . . . . . . . . . . . . . . . 3 . . 1 Exploration Rate (%) 66 | 4 85 92 97 62 72 68 60 54 62 64 52 71 40 93 60 57 95 56 94 59 Regions Visited 20 Branch Regions 14 Pre-discovered Areas 21 | . 1 1 8 . 5 . . . 3 2 . 1 . . . . . . . . Known Exits Taken 16 | . 1 . . . 1 1 1 1 1 1 1 1 1 1 1 1 1 1 1 . Unknown Exits Taken 4 | 1 . 1 1 1 . . . . . . . . . . . . . . . . Scrap Searched 32 | . . 13 . 5 . . 1 5 . 3 . 2 1 . 2 . . . . . Spaces Dug 120 | . . . . . 17 14 . . . . 30 . . . 3 25 18 3 . 10 Terrain Destroyed 223 | . 41 7 1 . 36 14 . . . . 41 . . . 3 25 18 3 6 28 Melee 104 | . . . . . 17 14 . . . . 24 . . . 3 25 18 3 . . Projectile 20 | . . . 1 . . . . . . . 6 . . . . . . . . 13 AOE 99 | . 41 7 . . 19 . . . . . 11 . . . . . . . 6 15 Terrain Rammed . | . . . . . . . . . . . . . . . . . . . . . Walls Destroyed . | . . . . . . . . . . . . . . . . . . . . . Machines Disabled . | . . . . . . . . . . . . . . . . . . . . . Actions | -11 -10 -10 -9 -9 -6 -5 -5 -5 -5 -4 -4 -4 -4 -4 -3 -3 -3 -2 -2 -2 --------- Run | Yrd Mat Sub Rec Scr Fac Fac Upp Upp Zhi Pro Fac Upp Upp War Pro Res Qua Res Tes Frg Total 34977 | 45 912 2010 908 832 4652 4798 492 479 199 745 3945 646 210 721 689 4095 1966 2423 1578 2632 Wait 5018 | . 193 111 200 4 608 934 . 4 . 73 562 133 . . 314 834 347 371 139 191 Move 28671 | 37 649 1832 643 819 3839 3661 492 470 178 671 3287 511 210 711 367 3147 1530 2005 1345 2267 Hop 178 | . . . . . 31 29 . . . 1 18 . . . . 28 21 11 29 10 Pick Up 103 | 2 12 10 . 5 21 13 . 1 4 . 11 . . 1 . 6 6 2 4 5 Fast Attach 120 | 6 1 4 . . 14 20 . . 7 . 7 . . 2 . 10 10 4 11 24 Attach 68 | . . 3 2 . 18 13 . 1 . . 5 . . . . 5 2 3 6 10 Detach 33 | . . 1 1 . 5 6 . . . . 1 1 . . . 1 1 4 5 7 Swap 37 | . 7 2 . . 4 3 . . . . 7 . . . . 2 3 5 3 1 Drop 139 | . . 6 . 3 33 17 . . 10 . 10 1 . 2 . 12 14 6 12 13 Fire 271 | . 50 41 17 . 2 42 . . . . 5 . . . . . . . 22 92 Melee 220 | . . . 3 1 49 21 . 3 . . 31 . . 5 8 50 32 11 2 4 Ram 1 | . . . . . . . . . . . . . . . . . . 1 . . Kick . | . . . . . . . . . . . . . . . . . . . . . Crush 5 | . . . 5 . . . . . . . . . . . . . . . . . Escape Stasis 74 | . . . . . 28 39 . . . . 1 . . . . . . . . 6 Rewire 37 | . . . 37 . . . . . . . . . . . . . . . . . Trap . | . . . . . . . . . . . . . . . . . . . . . Miscellaneous 2 | . . . . . . . . . . . . . . . . . . . . 2 Route ------- -11/Scrapyard -10/Materials (discovered 5 exits: *Mat x3 / [*Min] / *Sub) -10/Subcaves (discovered 3 exits: [*Mat x2] / *Rec) -9/Recycling (discovered 2 exits: [*Fac] / *Scr) -9/Scraptown -6/Factory (discovered 6 exits: *Fac x2 / *Low x2 / Ext x2) -5/Factory (discovered 6 exits: *Fac x4 / *Upp x2) -5/Upper Caves -5/Upper Caves (discovered 2 exits: *Fac / *Zhi) -5/Zhirov -4/Proximity Caves -4/Factory (discovered 6 exits: *Res x4 / *Upp x2) -4/Upper Caves -4/Upper Caves (discovered 2 exits: *Res / *War) -4/Warlord -3/Proximity Caves -3/Research (discovered 4 exits: *Res / Arm / *Qua x2) -3/Quarantine -2/Research (discovered 3 exits: *Acc x2 / *Tes) -2/Testing (discovered 3 exits: *Acc / *Sec / *Frg) -2/Protoforge History --------- Turn | Location | Event 7 | -11/Scrapyard | Discovered new exit (range 16) 69 | -11/Scrapyard | Entered Materials 124 | -10/Materials | Discovered new exit (range 12) 307 | -10/Materials | Build established: Mutant 445 | -10/Materials | Discovered new exit (range 16) 769 | -10/Materials | Derelicts attacked the area 1335 | -10/Materials | Central database locked down 1413 | -10/Materials | Identified exit to Materials 1481 | -10/Materials | Learned location of Mines (-9) 1538 | -10/Materials | Learned location of 2 exits from Mines 1584 | -10/Materials | Identified exit to Subcaves 1584 | -10/Materials | Learned location of 1 exit from Materials 1619 | -10/Materials | Learned Storage stockpile data 1688 | -10/Materials | Learned 2 Mines zone layouts 1830 | -10/Materials | Entered Subcaves 1831 | -10/Subcaves | Approached by a straggling Scientist 1893 | -10/Subcaves | Shifting Twisted Machinery released Unknown Hackware 1900 | -10/Subcaves | Shifting Twisted Machinery released Sub. Monowheel 1989 | -10/Subcaves | Ambushed by angry Subdweller bent on revenge 2279 | -10/Subcaves | Learned 2 Materials zone layouts 2767 | -10/Subcaves | Discovered new exit (range 5) 2987 | -10/Subcaves | Visited triangular shrine 3002 | -10/Subcaves | Found Prototype Device 3002 | -10/Subcaves | Identified V3-11A's Pendant 3007 | -10/Subcaves | Befriended Subdweller 3153 | -10/Subcaves | Shifting Twisted Machinery released Sub. Optics 3156 | -10/Subcaves | Core integrity fell below 50% 3234 | -10/Subcaves | Disturbed a concealed Subdweller 3237 | -10/Subcaves | Befriended Subdweller 3403 | -10/Subcaves | Learned location of Zion (-6) 3421 | -10/Subcaves | Shifting Twisted Machinery released Barrage Gun 3433 | -10/Subcaves | Discovered new exit (range 10) 3492 | -10/Subcaves | Befriended Subdweller 3532 | -10/Subcaves | Befriended Subdweller 3632 | -10/Subcaves | Befriended Subdweller 3632 | -10/Subcaves | Befriended Subdweller 3708 | -10/Subcaves | Discovered new exit (range 14) 3727 | -10/Subcaves | Lost 6 allies 3813 | -10/Subcaves | Approached by friendly Subdweller 4362 | -10/Subcaves | Disturbed a concealed Subdweller 4362 | -10/Subcaves | Befriended Subdweller 4517 | -10/Subcaves | Befriended Subdweller 4709 | -10/Subcaves | Visited Clippyterm 4716 | -10/Subcaves | Learned Factory fabricator intel 4716 | -10/Subcaves | Learned Research machine intel 5341 | -10/Subcaves | Shifting Twisted Machinery released Battle Rifle 5343 | -10/Subcaves | Shifting Twisted Machinery released Shrapnel Trap 5378 | -10/Subcaves | A swath of the cavern ceiling suddenly collapsed 5624 | -10/Subcaves | A swath of the cavern ceiling suddenly collapsed 5802 | -10/Subcaves | Befriended Subdweller 6470 | -10/Subcaves | Entered Recycling 6470 | -9/Recycling | Accompanied by 3 allies 6607 | -9/Recycling | Lost 3 allies 7118 | -9/Recycling | Discovered new exit (range 16) 7487 | -9/Recycling | Core integrity fell below 20% 7932 | -9/Recycling | Learned location of Storage (-9) 8044 | -9/Recycling | Learned location of 3 exits from Materials 8073 | -9/Recycling | Scanned before Scraplab entrance 8083 | -9/Recycling | Learned Storage trap positions 8110 | -9/Recycling | Entered Scraplab 8127 | -9/Recycling | Learned Storage trap positions 8129 | -9/Recycling | Discovered new exit (range 3) 8139 | -9/Recycling | Build established: Commander-Mutant 8155 | -9/Recycling | Learned Materials stockpile data 8303 | -9/Recycling | Learned Materials garrison access intel 8305 | -9/Recycling | Entered Scraptown 8305 | -9/Scraptown | Accompanied by 5 allies 8305 | -9/Scraptown | System corruption cleaned by C-Scrubber 8555 | -9/Scraptown | Visited Symbiants 8624 | -9/Scraptown | Visited Cyclists 8648 | -9/Scraptown | Visited Red Mages 8691 | -9/Scraptown | Visited Bundlers 8826 | -9/Scraptown | Visited Spacefarers 8852 | -9/Scraptown | Visited CPS Storage 8898 | -9/Scraptown | Visited SPCMW 8967 | -9/Scraptown | Visited UFD Registry 8967 | -9/Scraptown | Registered with UFD as "Beamgrid" 9025 | -9/Scraptown | Visited Science Testing Area 9083 | -9/Scraptown | Received an X-ray algorithm 9140 | -9/Scraptown | Visited Infowarlord's Domain 9150 | -9/Scraptown | Found Exp. Sensor Array 9375 | -9/Scraptown | Scanned Subdweller tech in exchange for log data 9379 | -9/Scraptown | Learned Factory terminal intel 9382 | -9/Scraptown | Learned location of 1 exit from Lower Caves 9384 | -9/Scraptown | Learned Research emergency access door positions 9387 | -9/Scraptown | Learned Factory emergency access door positions 9612 | -9/Scraptown | Visited Junk Repository 9695 | -9/Scraptown | Visited Abandonware Association 9712 | -9/Scraptown | Learned abandonware demo "OVRCLOCK.EXE" 9761 | -9/Scraptown | Learned abandonware demo "ERRANTS.EXE" 9761 | -9/Scraptown | Learned abandonware demo "REBOOT5.EXE" 9814 | -9/Scraptown | Visited Chapter 10 9845 | -9/Scraptown | Visited Supply Room 9897 | -9/Scraptown | Visited Derelict Rescue Squad 9952 | -9/Scraptown | Visited Junk Repository 10153 | -9/Scraptown | Met Optimus 10153 | -9/Scraptown | Accepted into 0bPrime 10276 | -9/Scraptown | Discovered new exit (range 3) 10283 | -9/Scraptown | Entered Factory 10283 | -6/Factory | Accompanied by 5 allies 10283 | -6/Factory | Evolved 8 slots: Propulsion x2, Utility x6 10285 | -6/Factory | Loaded intel: 28 terminal locations 10286 | -6/Factory | Loaded intel: 6 fabricator locations 10440 | -6/Factory | Discovered new exit (range 14) 10562 | -6/Factory | Discovered new exit (range 15) 10563 | -6/Factory | Lost 6 allies 10575 | -6/Factory | Build established: Hacker-Mutant 10577 | -6/Factory | Identified exit to Factory 10886 | -6/Factory | Central database locked down 10928 | -6/Factory | Build established: Hacker-Scout 11146 | -6/Factory | Loaded intel: 8 recycling unit locations 11155 | -6/Factory | Learned location of Protoforge (-2) 11617 | -6/Factory | Cargo convoy interrupted 11717 | -6/Factory | Found Spectral Analyzer 11767 | -6/Factory | Identified exit to Lower Caves 11767 | -6/Factory | Identified exit to Extension 11848 | -6/Factory | Learned location of Proximity Caves (-6) 11915 | -6/Factory | Learned 4 Extension zone layouts 11972 | -6/Factory | Learned 2 Upper Caves zone layouts 12013 | -6/Factory | Build established: Hacker-Sprinter 12020 | -6/Factory | Learned location of Extension (-6) 12080 | -6/Factory | Learned 2 Extension zone layouts 12160 | -6/Factory | Learned location of Proximity Caves (-3) 12212 | -6/Factory | Learned location of 2 exits from Lower Caves 12246 | -6/Factory | Crushed by falling debris 12262 | -6/Factory | Discovered exit to Factory (range 15) 12322 | -6/Factory | Lost 7 parts (1p3n2u1w) 12362 | -6/Factory | Core integrity fell below 50% 12383 | -6/Factory | Search patrols dispatched 12388 | -6/Factory | Lost 6 parts (2n3u1w) 12450 | -6/Factory | Entered another Factory area 12450 | -5/Factory | Evolved 2 slots: Propulsion x2 12477 | -5/Factory | Lost 4 parts (2n1u1w) 13603 | -5/Factory | Watched by a mysterious "MATRIX" hacker 13644 | -5/Factory | Discovered new exit (range 7) 13646 | -5/Factory | Identified exit to Upper Caves 13723 | -5/Factory | Loaded intel: 8 recycling unit locations 13740 | -5/Factory | Discovered new exit (range 5) 13741 | -5/Factory | Identified exit to Factory 13873 | -5/Factory | Discovered exit to Factory (range 4) 13950 | -5/Factory | Search patrols dispatched 14003 | -5/Factory | Discovered exit to Upper Caves (range 12) 14184 | -5/Factory | Noticed UFD Elites at a Recycling Unit 14724 | -5/Factory | Entered Upper Caves 14808 | -5/Upper Caves | Discovered new exit (range 12) 14810 | -5/Upper Caves | Identified exit to Upper Caves 14811 | -5/Upper Caves | Encountered a Warlord checkpoint 14862 | -5/Upper Caves | Entered another Upper Caves area 14866 | -5/Upper Caves | Discovered exit to Factory (range 14) 14869 | -5/Upper Caves | Learned location of 1 exit from Proximity Caves 14978 | -5/Upper Caves | Discovered new exit (range 6) 14985 | -5/Upper Caves | Identified exit to Zhirov 15010 | -5/Upper Caves | Entered Zhirov 15010 | -5/Zhirov | Discovered new exit (range 3) 15016 | -5/Zhirov | Met Zhirov 15024 | -5/Zhirov | Found Alien Artifact 15024 | -5/Zhirov | Identified Integrated Dissipator 15024 | -5/Zhirov | Installed Integrated Dissipator, increased core heat dissipation (+20) 15056 | -5/Zhirov | Learned location of Quarantine (-3) 15056 | -5/Zhirov | Learned location of Command (-1) 15060 | -5/Zhirov | Zhirov requested help retrieving the SGEMP Prototype 15064 | -5/Zhirov | Found Alien Artifact 15075 | -5/Zhirov | Identified exit to Proximity Caves 15075 | -5/Zhirov | Entered Proximity Caves 15093 | -4/Proximity Caves | Learned location of Armory (-3) 15310 | -4/Proximity Caves | Entered Factory 15310 | -4/Factory | Evolved 2 slots: Utility x1, Weapon x1 15389 | -4/Factory | Identified exit to Upper Caves 15413 | -4/Factory | Hacking Suite fried by hacking feedback 15680 | -4/Factory | Loaded intel: 8 recycling unit locations 15897 | -4/Factory | Identified exit to Research 15938 | -4/Factory | Spotted B-86 Titan 15952 | -4/Factory | Crushed by falling debris 16061 | -4/Factory | Fabricated Spectral Analyzer? 16810 | -4/Factory | Search patrols dispatched 16820 | -4/Factory | Entered Upper Caves 16837 | -4/Upper Caves | Entered an active Warlord outpost 16837 | -4/Upper Caves | A Commander dispatched an escort 16838 | -4/Upper Caves | Learned Research emergency access door positions 16838 | -4/Upper Caves | Learned Armory emergency access door positions 16927 | -4/Upper Caves | Encountered a Warlord checkpoint 16949 | -4/Upper Caves | Build established: Ninja 17079 | -4/Upper Caves | Discovered new exit (range 13) 17082 | -4/Upper Caves | Identified exit to Upper Caves 17082 | -4/Upper Caves | Entered another Upper Caves area 17082 | -4/Upper Caves | Discovered exit to Research (range 9) 17083 | -4/Upper Caves | Identified exit to Warlord 17112 | -4/Upper Caves | Attracted the attention of an 0b10 base 17135 | -4/Upper Caves | Entered Warlord 17144 | -4/Warlord | System corruption cleaned by Quarantine Array 17162 | -4/Warlord | Found Prototype Special Weapon 17162 | -4/Warlord | Identified RU-N14's Throwing Claymores v3 17194 | -4/Warlord | Received a Watcher feed algorithm from an ecstatic Tinkerer 17209 | -4/Warlord | Visited the Vortex Lab 17211 | -4/Warlord | Found Prototype Piercing Weapon 17211 | -4/Warlord | Identified Vortex Lance 17212 | -4/Warlord | Warlord's base attacked by MAIN.C 17213 | -4/Warlord | Found Vortex Lance 17281 | -4/Warlord | Rebuked by Warlord 17314 | -4/Warlord | Opened side exit 17319 | -4/Warlord | Discovered new exit (range 9) 17321 | -4/Warlord | Identified exit to Proximity Caves 17321 | -4/Warlord | Entered Proximity Caves 17323 | -3/Proximity Caves | Spotted B-86 Titan 17349 | -3/Proximity Caves | Spotter reported a threat 17350 | -3/Proximity Caves | Spotter reported a threat 17456 | -3/Proximity Caves | Received a Behemoth hack from an annoying Tinkerer 17740 | -3/Proximity Caves | Discovered exit to Research (range 5) 17745 | -3/Proximity Caves | Entered Research 17745 | -3/Research | Evolved 2 slots: Weapon x2 17747 | -3/Research | Loaded intel: 139 machine locations 17995 | -3/Research | Search patrols dispatched 18095 | -3/Research | Discovered new exit (range 16) 18165 | -3/Research | Spotted B-86 Titan 18173 | -3/Research | Found Prototype Device 18173 | -3/Research | Identified Exp. EM Disruption Field 18203 | -3/Research | Loaded intel: 5 recycling unit locations 18889 | -3/Research | Build established: Hacker-Ninja 19015 | -3/Research | Found Prototype Device 19015 | -3/Research | Identified Adv. EM Shield 19142 | -3/Research | Spotted B-86 Titan 19154 | -3/Research | Targeted by mysterious "MATRIX" hacker 19408 | -3/Research | Identified exit to Armory 19408 | -3/Research | Identified exit to Quarantine 19477 | -3/Research | Spotted B-86 Titan 19523 | -3/Research | Entered Quarantine 19625 | -3/Quarantine | Found Alien Artifact 19625 | -3/Quarantine | Identified Dimensional Node Initializer 19625 | -3/Quarantine | Initialized slip node 19628 | -3/Quarantine | Found Alien Artifact 19628 | -3/Quarantine | Identified Transdimensional Reconstructor (x2) 19628 | -3/Quarantine | Warped through subspace to slip node 19633 | -3/Quarantine | Found Alien Artifact 19633 | -3/Quarantine | Identified Hpw. Transdimensional Reconstructor 19633 | -3/Quarantine | Warped through subspace to slip node 19634 | -3/Quarantine | Warped through subspace to slip node 19637 | -3/Quarantine | Found Transdimensional Reconstructor 19679 | -3/Quarantine | Found Alien Reactor 19679 | -3/Quarantine | Identified Matter Drive 19725 | -3/Quarantine | Found Alien Slashing Weapon 19725 | -3/Quarantine | Identified Sigix Broadsword 19796 | -3/Quarantine | Found Alien Artifact 19854 | -3/Quarantine | Build established: Hacker-Scout 20351 | -3/Quarantine | Discovered new exit (range 18) 20376 | -3/Quarantine | Found Alien Energy Cannon 20378 | -3/Quarantine | Identified exit to Research 20378 | -3/Quarantine | Entered Research 20378 | -2/Research | Evolved 2 slots: Weapon x2 20379 | -2/Research | Identified exit to Testing 20577 | -2/Research | Loaded intel: 5 recycling unit locations 20790 | -2/Research | Spotted B-90 Cyclops 21005 | -2/Research | Discovered new exit (range 8) 21007 | -2/Research | Identified exit to Access 21026 | -2/Research | Discovered exit to Access (range 10) 21128 | -2/Research | Search patrols dispatched 21254 | -2/Research | Entered Testing 21283 | -2/Testing | Lost 3 parts (2n1w) 21283 | -2/Testing | Spotted Striker 21327 | -2/Testing | Found Prototype Processor 21327 | -2/Testing | Identified Exp. Armor Integrity Analyzer 21402 | -2/Testing | Found Prototype Device 21402 | -2/Testing | Identified Exp. Shock Absorption System 21424 | -2/Testing | Found Prototype Energy Gun 21424 | -2/Testing | Identified Tachyon Dispersion Ray 21447 | -2/Testing | Build established: Hacker-Sprinter 21683 | -2/Testing | Rewired PX-WNAC8N77KM 21727 | -2/Testing | Found Prototype Energy Cannon 21754 | -2/Testing | Search patrols dispatched 21774 | -2/Testing | Found Prototype Protection 21780 | -2/Testing | Discovered exit to Access (range 12) 21801 | -2/Testing | Spotted Fortress 21817 | -2/Testing | Discovered new exit (range 5) 21817 | -2/Testing | Discovered new exit (range 6) 21818 | -2/Testing | Identified exit to Section 7 21819 | -2/Testing | Identified exit to Protoforge 21819 | -2/Testing | Entered Protoforge 21826 | -2/Protoforge | Superfortress began startup sequence 21846 | -2/Protoforge | Spotted Hotshot 21849 | -2/Protoforge | Spotted Hotshot 21872 | -2/Protoforge | Spotted B-90 Cyclops 21881 | -2/Protoforge | Identified Cld. Nova Cannon 21934 | -2/Protoforge | Spotted Hotshot 21934 | -2/Protoforge | Spotted Hotshot 21997 | -2/Protoforge | Spotted Hotshot 22002 | -2/Protoforge | Spotted Hotshot 22069 | -2/Protoforge | Search patrols dispatched 22088 | -2/Protoforge | Spotted EXE-6 22088 | -2/Protoforge | Spotted EXE-6 22095 | -2/Protoforge | UFD initiated attack on Protoforge (Readiness: Maximal) 22095 | -2/Protoforge | Loaded intel: 3 recycling unit locations 22131 | -2/Protoforge | Optimus greeted in Protoforge 22146 | -2/Protoforge | Found Prototype Processor 22149 | -2/Protoforge | Found Prototype Ballistic Gun 22149 | -2/Protoforge | Identified Cep. XC Strikerail 22168 | -2/Protoforge | Spotted Decapitator 22168 | -2/Protoforge | Spotted Decapitator 22226 | -2/Protoforge | Lost 8 allies 22230 | -2/Protoforge | Spotted EXE-6 22232 | -2/Protoforge | Destroyed EXE-6 22238 | -2/Protoforge | Found Cep. XC Strikerail 22240 | -2/Protoforge | Found Cep. XC Strikerail 22241 | -2/Protoforge | Found Cep. XC Strikerail 22243 | -2/Protoforge | Identified Exp. Core Analyzer 22244 | -2/Protoforge | Found Cep. XC Strikerail 22247 | -2/Protoforge | Spotted AP7-3 22248 | -2/Protoforge | Spotted AP7-3 22299 | -2/Protoforge | Lost 8 allies 22306 | -2/Protoforge | Spotted Striker 22328 | -2/Protoforge | Spotted Executioner 22329 | -2/Protoforge | Spotted Executioner 22332 | -2/Protoforge | Spotted Executioner 22385 | -2/Protoforge | Spotted Hotshot 22385 | -2/Protoforge | Spotted Hotshot 22433 | -2/Protoforge | Spotted Executioner 22444 | -2/Protoforge | P-80 Master assimilated allied 02F22-D 22457 | -2/Protoforge | Core integrity fell below 50% 22463 | -2/Protoforge | UFD reported confirmed Drillbomb installation 22492 | -2/Protoforge | Lost 5 allies 22494 | -2/Protoforge | Lost 3 parts (1n2u) 22506 | -2/Protoforge | Found Scrap Suit 22540 | -2/Protoforge | Spotted Hotshot 22543 | -2/Protoforge | Spotted Hotshot 22550 | -2/Protoforge | Destroyed Hotshot 22561 | -2/Protoforge | Destroyed Hotshot 22568 | -2/Protoforge | Destroyed Hotshot 22575 | -2/Protoforge | Destroyed Hotshot 22580 | -2/Protoforge | Spotted Executioner 22582 | -2/Protoforge | Spotted Striker 22584 | -2/Protoforge | Destroyed Striker 22589 | -2/Protoforge | Destroyed Executioner 22604 | -2/Protoforge | Spotted Executioner 22610 | -2/Protoforge | Spotted Executioner 22641 | -2/Protoforge | Spotted Hotshot 22644 | -2/Protoforge | Destroyed Executioner 22647 | -2/Protoforge | Spotted Hotshot 22647 | -2/Protoforge | Destroyed Executioner 22650 | -2/Protoforge | Spotted Hotshot 22652 | -2/Protoforge | Spotted Hotshot 22654 | -2/Protoforge | Destroyed Hotshot 22659 | -2/Protoforge | Destroyed Hotshot 22666 | -2/Protoforge | Destroyed Hotshot 22675 | -2/Protoforge | Spotted Executioner 22676 | -2/Protoforge | Destroyed Hotshot 22679 | -2/Protoforge | Spotted Striker 22691 | -2/Protoforge | Spotted Decapitator 22692 | -2/Protoforge | Spotted Decapitator 22692 | -2/Protoforge | Spotted Decapitator 22697 | -2/Protoforge | Destroyed 21 combat bots 22718 | -2/Protoforge | Spotted Striker 22735 | -2/Protoforge | Spotted Striker 22743 | -2/Protoforge | Lost 6 parts (1n1u4w) 22754 | -2/Protoforge | Spotted Executioner 22758 | -2/Protoforge | Spotted Overlord 22767 | -2/Protoforge | P-80 Master assimilated allied MV-OV2(E) 22782 | -2/Protoforge | Warped through subspace 22783 | -2/Protoforge | Core integrity fell below 20% 22818 | -2/Protoforge | Spotted Striker 22818 | -2/Protoforge | Spotted Striker 22821 | -2/Protoforge | Spotted Executioner 22822 | -2/Protoforge | P-80 Master assimilated allied 1Z-9HB(E) 22828 | -2/Protoforge | Spotted Executioner 22838 | -2/Protoforge | Spotted Striker 22839 | -2/Protoforge | Spotted Striker 22883 | -2/Protoforge | Lost 25 allies 22892 | -2/Protoforge | Found Exp. Core Analyzer 22938 | -2/Protoforge | Spotted Hotshot 22959 | -2/Protoforge | Found Exp. Core Analyzer 22965 | -2/Protoforge | Spotted Hotshot 22965 | -2/Protoforge | Spotted Hotshot 22973 | -2/Protoforge | Spotted Executioner 22975 | -2/Protoforge | Spotted Striker 22987 | -2/Protoforge | Spotted Striker 22988 | -2/Protoforge | Spotted Striker 23003 | -2/Protoforge | Spotted Hotshot 23003 | -2/Protoforge | Spotted Hotshot 23023 | -2/Protoforge | Spotted V589-c 23023 | -2/Protoforge | Spotted V878-g 23023 | -2/Protoforge | Spotted V923-u 23024 | -2/Protoforge | Spotted V927-x 23029 | -2/Protoforge | Destroyed by Striker with Plasma Lance Last Messages --------------- 23004_ Centrium Light Armor Plating destroyed. 23004_ Lgt. Antimatter Reactor destroyed. 23008_ Connecting with Garrison Access... >>Seal Access door sealed. 23008_ Xenon Bombardment Thruster destroyed. 23014_ Triggered Stasis Trap. 23014_ A bubble of rippling energy engulfs the area. 23014_ Field strength at 89. 23015_ Field strength at 78. 23016_ Field strength at 67. 23018_ Field strength at 56. 23019_ Field strength at 45. 23020_ Field strength at 34. 23021_ Field strength at 23. 23022_ Stasis field depleted. 23025_ 0bP_NET: Lugger 987 inbound, all units not involved in other operations escort to target. Map ----- +----------------------------------------------------+ | ?????????????????????????????????????????????????? | | ?????????????????????????????????????????????????? | | ?????????????????????????????????????????????????? | | ?????????????????????????????????????????????????? | | ?????????????????????????????????????????????????? | | ?????????????????????????????????????????????????? | | ?????????????????????????????????????????????????? | | ?????????????????????????????????????????????????? | | ?????????????????????????????????????????????????? | | ?????????????????????????????????????????????????? | | ???????????????????????????????##????????????????? | | ?????????????????????????######"?????????????????? | | ?????????????????????????#VVVV# ?????????????????? | | ????????????????????????? ??????????????????? | | ????????????????????????? ??????????????????? | | ????????????????????##++##""""#???###????????????? | | ????????????????????#" "??"""#????????????? | | ?????????????????????" ""# ]"#????????????? | | ????????????????????## " "#????????????? | | ????????????????????#" " "#????????????? | | ????????????????????#"" " "#????????????? | | ????????????????????#"""" " "#????????????? | | ????????????????????#"""" "] "#????????????? | | ????????????????????#"" " "#????????????? | | ????????????????????#" K " "#????????????? | | ?????????????????????# @K #????????????????? | | ?????????????????????###""" ####????????????????? | | ??????????????????????#" " #???????????????????? | | ??????????????????????#" " #???????????????????? | | ??????????????????????#"] " #???????????????????? | | ??????????????????????#" " #???????????????????? | | ??????????????????????#"] " #???????????????????? | | ??????????????????????#" " #???????????????????? | | ??????????????????????#" ]" #???????????????????? | | ??????????????????????#" ]" #???????????????????? | | ??????????????????????#" " #???????????????????? | | ??????????????????????#"""# #???????????????????? | | ??????????????????????##### #???????????????????? | | ??????????????????????????# #???????????????????? | | ??????????????????????????# #???????????????????? | | ??????????????????????????# #???????????????????? | | ??????????????????????????# #???????????????????? | | ??????????????????????????# #???????????????????? | | ???????????????############ ##################### | | ??????? | | ??????? | | ???????? | | ?????????#####++###################///######## # | | ???????????????????????????????# #???# # | | ???????????????????????????????# #???# # | +----------------------------------------------------+ Best States ------------- Heat Dissipation 78 Energy Generation 29 Energy Capacity 840 Matter Stores 300 Matter Capacity 300 Sight Range 24 Robot Scan Range 20 Terrain Scan Density 10 ECM Strength 2 Cloak Strength 4 Corruption Block 15 Armor Coverage 400 Phase Shifting 15 Evasion (%) 92 Target Analysis 6 Core Analysis 12 Recoil Reduction 2 Offensive Hacking 32 Defensive Hacking 23 Authchip Count 1 Item Schematics ----------------- Biomechanical Wings | -6/Factory | Hacked Adv. Reaction Control System | -6/Factory | Hacked Adv. System Shield | -6/Factory | Hacked Exp. Cooling System | -6/Factory | Scanalyzed Spectral Analyzer | -6/Factory | Scanalyzed Assault Drone Bay | -5/Zhirov | Free Exp. Heat Sink | -5/Zhirov | Free Exp. Optical Array | -5/Zhirov | Free Imp. Arc Thrower | -5/Zhirov | Free Robot Schematics ------------------ None Fabricated ------------ Spectral Analyzer | x1 | -4/Factory | Authchip Repaired ---------- Nothing Studied --------- Nuclear Pulse Thruster | -6/Factory | Hacked Nuclear Pulse Array | -5/Factory | Hacked VTOL Module | -5/Factory | Hacked Alien Tech Used ----------------- Integrated Dissipator Dimensional Node Initializer Transdimensional Reconstructor High-powered Transdimensional Reconstructor Matter Drive Sigix Broadsword Achievements -------------- Official Business Super-what Now? UFD MVP We Are One Challenges ------------ None Game ------ Seed NovaReactiveMace Manual? 0 Play Time 08:04:28 Cumulative 383.8 hours Start 2026.08.01 @ 21:23:06 End 2026.08.02 @ 14:55:24 Sessions 3 Manual Loads 0 Difficulty Rogue Special Mode None Game No. 223 Rogue 149 Adventurer 74 Explorer 0 Win Type - Total 18 Types 15/0/0/3/0/0/0/0/0/0 Lore% 78 Gallery% 69 Achievement% 55 Wizard Run 0 Options --------- Layout 2 ASCII 0 Keyboard 0 Movement Mouse Keybinds 0 Fullscreen 1 Font 32/SmallcapsGlow Map View 50x44 Zoom Use 0% Tactical HUD 1 Map Filters NONE Filters NONE Steam 1 RUN: 01e3fb97-ddbc-4ad1-aed6-e03ee9c24c12